 Dungeon Crawl Stone Soup version 0.29-a0-1023-g6ae1a4a2c7 (webtiles) character file.

Game seed: 8911720149065118976

28 BritishOli the Trooper (level 3, 29/29 HPs)
             Began as a Demonspawn Fighter on Aug 11, 2022.
             Got out of the dungeon alive.
             The game lasted 00:01:08 (1264 turns).

BritishOli the Trooper (Demonspawn Fighter)         Turns: 1264, Time: 00:01:09

Health: 29/29      AC: 12    Str: 18    XL:     3   Next: 0%
Magic:  3/3        EV:  9    Int:  9    God:
Gold:   42         SH:  4    Dex: 12    Spells: 2/2 levels left

rFire   . . .      SeeInvis .   j - +2 short sword (drain)
rCold   . . .      Faith    .   c - +0 buckler
rNeg    . . .      Spirit   .   b - +0 scale mail
rPois   .          Reflect  .   (no helmet)
rElec   .          Harm     .   (no cloak)
rCorr   .          Rampage  .   (no gloves)
Will    .....                   (no boots)
Stlth   ..........              (no amulet)
HPRegen 0.09/turn               g - +4 ring of protection
MPRegen 0.16/turn               (no ring)

@: no status effects
A: yellow scales 1, magic regeneration
a: no special abilities


You escaped.
You visited 1 branch of the dungeon, and saw 2 of its levels.

You collected 42 gold pieces.

Inventory:

Hand Weapons
 a - a +0 long sword
 j - a +2 short sword of draining (weapon)
Armour
 b - a +0 scale mail (worn)
 c - a +0 buckler (worn)
Jewellery
 g - a +4 ring of protection (left hand)
 o - a ring of see invisible
Scrolls
 f - a scroll of immolation {unknown}
 h - a scroll of enchant weapon {unknown}
 i - a scroll of amnesia {unknown}
 k - a scroll of magic mapping {unknown}
 l - a scroll of teleportation {unknown}
 n - a scroll of identify {unknown}
Potions
 d - a potion of might
 e - 2 potions of mutation {unknown}
 m - a potion of curing {unknown}
 p - a potion of berserk rage {unknown}


   Skills:
 + Level 3.3 Fighting
 + Level 2.2 Long Blades
 + Level 3.0 Armour
 + Level 3.0 Shields


You had 2 spell levels left.
You didn't know any spells.
Your spell library was empty.

Dungeon Overview and Level Annotations

Branches:
Dungeon (2/15)

Altars:


Innate Abilities, Weirdness & Mutations

You are partially covered in yellow scales. (AC +2)
You regenerate magic rapidly.


Message History

There is an open door here.
There is an open door here.
There is a stone staircase leading down here.
You climb downwards.
The ball python hisses angrily.
Found 14 gold pieces and a fuming red potion.
There is a stone staircase leading up here.
A ball python is nearby!
A ball python is nearby!
A ball python is nearby!
A ball python is nearby!
You hit the ball python.
You kill the ball python!
You have reached level 3!
Your experience leads to an increase in your attributes!
Increase (S)trength, (I)ntelligence, or (D)exterity?
You feel stronger. x2; Your demonic ancestry asserts itself...
Your magic begins to regenerate rapidly.
You now have 38 gold pieces (gained 10).
You now have 42 gold pieces (gained 4).
Found a stone staircase leading up.
No target in view!
p - a fuming red potion No target in view!
You see here the +1 sling "Pendulum" {freeze, +Blink rF+ Int+3}.
No target in view!
No target in view!
(D) Dungeon
Where to? (Enter - D:2, ? - help)
There is a stone staircase leading up here.
You climb upwards.
There is a stone staircase leading down here.
(D) Dungeon
Where to? (Enter - D:1, ? - help)
Okay, then.
There is an open door here.
There is an open door here.
There is a staircase leading out of the dungeon here.
Are you sure you want to leave the Dungeon?
This will make you lose the game!
You have escaped!

..#.###..........###.#######.#...
..#.# #..........# #.#######.####
..#.# #..........# #.........#
..#.# #..........# #.....########
..#.# #..........# #.....#.......
..#.# #..........# #.....#.......
..#.# ############ #.....#.......
....# ####################.......
....# #...#...#.@.#.P.# #.......
)...# #...#P..#...#...# #.......
....# ##'###'###'###'#####.......
....###...............#..........
.8....#......##.......'.##.......
'#.##.#...............###########
.#....##'###'###'###'##
.###..#...#...#...#...#
^.8#..#..P#.~.#)(.#.[.#


There were no monsters in sight!

Vanquished Creatures
  6 ball pythons
  2 endoplasms (D:1)
  3 giant cockroaches (D:1)
  A goblin (D:1)
  A hobgoblin (D:1)
  2 kobolds (D:1)
  3 quokkas (D:1)
  3 bats (D:1)
  3 frilled lizards (D:1)
  3 rats (D:1)
27 creatures vanquished.

Notes
Turn   | Place    | Note
-------+----------+-------------------------------------------
     0 | D:1      | BritishOli the Demonspawn Fighter began the quest for the
                  | Orb.
     0 | D:1      | Reached XP level 1. HP: 18/18 MP: 1/1
   219 | D:1      | Gained mutation: You are partially covered in yellow
                  | scales. (AC +2) [demonic ancestry]
   219 | D:1      | Reached XP level 2. HP: 23/24 MP: 2/2
   424 | D:1      | Found a faded altar of an unknown god.
  1166 | D:2      | Gained mutation: You regenerate magic rapidly. [demonic
                  | ancestry]
  1166 | D:2      | Reached XP level 3. HP: 29/29 MP: 3/3
  1181 | D:2      | Identified the +1 sling "Pendulum" {freeze, +Blink rF+
                  | Int+3}
  1264 | D:$      | Got out of the dungeon alive.

Illustrated notes

Levels and vault maps discovered:
D:1:      dpeg_arrival_prison, layout_basic,
          dreamdust_ecumenical_altar_angels_and_demons
D:2:      layout_loops_cross, basic_altar

Skill      XL: |  1  2 |
---------------+-------+-----
Long Blades    | 2 |  2.2
Armour         | 3 |  3.0
Shields        | 3 |  3.0
Fighting       | |  3.3

Action                   || total
-------------------------++-------
Melee: Long sword        ||    49
       Short sword       ||    43
Armor: Scale mail        ||    61
Dodge: Dodged            ||    34
Block: Buckler           ||    14

Table legend: (Time is in decaauts)
 A = Elapsed time spent in this place.
 B = Non-inter-level travel time spent in this place.
 C = Inter-level travel time spent in this place.
 D = Time resting spent in this place.
 E = Time spent auto-exploring this place.
 F = Levels seen in this place.
 G = Mean time per level.
                   A        B        C        D        E       F      G
               +--------+--------+--------+--------+--------+-----+--------+
         Total |   1283 |   1135 |    148 |      0 |    916 |   2 |  641.5 |
       Dungeon |   1283 |   1135 |    148 |      0 |    916 |   2 |  641.5 |
               +--------+--------+--------+--------+--------+-----+--------+

Top non-repeatable levels by time:
     D:1: 1257 daAuts
     D:2: 25 daAuts
